 Dungeon Crawl Stone Soup version 0.19.0-19-g8c6edcc (webtiles) character file.

131 vev the Skirmisher (level 5, -14/47 HPs)
             Began as a Hill Orc Abyssal Knight on Nov 14, 2016.
             Was a Believer of Lugonu.
             Killed by divine providence
             ... invoked by an orc priest
              (16 damage)
             ... on level 3 of the Dungeon.
             The game lasted 00:03:16 (3507 turns).

vev the Skirmisher (Hill Orc Abyssal Knight)        Turns: 3507, Time: 00:03:16

Health: -14/47     AC:  5    Str: 16    XL:     5   Next: 14%
Magic:  7/7        EV: 11    Int: 12    God:    Lugonu [**....]
Gold:   91         SH:  0    Dex: 10    Spells: 0 memorised, 4 levels left

rFire  . . .     SeeInvis .     a - +1 hand axe
rCold  . . .     Gourm    .     o - +0 ring mail
rNeg   . . .     Faith    .     (no shield)
rPois  .         Spirit   .     (no helmet)
rElec  .         Reflect  .     (no cloak)
rCorr  .         Harm     .     (no gloves)
MR     .....                    (no boots)
Stlth  ..........               (no amulet)
                                (no ring)
                                (no ring)

@: no status effects
A: no striking features
a: Depart the Abyss, Bend Space, Renounce Religion, Convert to Beogh


You were on level 3 of the Dungeon.
You worshipped Lugonu.
Lugonu was pleased with you.
You were not hungry.

You visited 1 branch of the dungeon, and saw 3 of its levels.
You visited the Abyss 1 time.

You collected 91 gold pieces.

Inventory:

Hand Weapons
 a - a +1 hand axe (weapon)
Armour
 l - a +0 chain mail
 o - a +0 ring mail (worn)
Scrolls
 f - a scroll of recharging {unknown}
 j - a scroll of noise {unknown}
 p - a scroll of fog {unknown}
Potions
 b - 2 potions of magic {unknown}
 d - 2 potions of berserk rage {unknown}
 e - 2 potions of brilliance
 h - 3 potions of might
 m - a potion of agility {unknown}
Comestibles
 c - a bread ration


   Skills:
 + Level 4.4 Fighting
 + Level 4.2 Axes
 + Level 2.8 Armour
 + Level 1.9 Dodging
 + Level 3.5 Invocations


You had 4 spell levels left.
You didn't know any spells.

Dungeon Overview and Level Annotations

Branches:
Dungeon (3/15)

Altars:


Message History

You hit the orc priest.
The orc priest is almost dead.
The orc priest barely misses you.
Unknown command.
You barely miss the orc priest.
The orc priest is almost dead.
The orc priest closely misses you.
You hit the orc priest but do no damage.
The orc priest is almost dead.
Unknown command.
You barely miss the orc priest.
The orc priest is almost dead.
The orc priest hits you with an enchanted flail.
* * * LOW HITPOINT WARNING * * *
You barely miss the orc priest.
The orc priest shouts, "Beogh is our master!
Accept the truth or die!"
The orc priest is almost dead.
The orc priest invokes the aid of Beogh against you.
Beogh smites you!
You die...

..................#
....#.#.#.#.#.#..#
..........(....#.#
##.#.#.#.#.##.#
#.<(........#.#
##.#.#.#.#.##[#
#...........#.#
##.#.#.#.#.##.#
################@##.#
...o...........o....#
.o###################


You could see an orc priest.

Vanquished Creatures
  4 adders
  2 gnolls
  3 oozes
  An adder zombie (D:1)
  2 worms
  3 dart slugs
  2 leopard geckos (D:2)
  9 bats
  A giant cockroach (D:2)
  3 goblins
  2 hobgoblins
  2 jackals (D:2)
  2 quokkas
  A ball python (D:2)
  3 frilled lizards
  5 kobolds
  A quokka zombie (D:1)
  6 rats
52 creatures vanquished.

Notes
Turn   | Place    | Note
-------+----------+-------------------------------------------
     0 | Abyss:1  | vev the Hill Orc Abyssal Knight began the quest for the Orb.
     0 | Abyss:1  | Reached XP level 1. HP: 19/19 MP: 2/2
    26 | D:1      | Escaped the Abyss
    55 | D:1      | Reached skill level 1 in Dodging
   351 | D:1      | Reached skill level 3 in Invocations
   351 | D:1      | Reached XP level 2. HP: 6/27 MP: 2/4
   367 | D:1      | HP: 2/27 [poisoned by an adder]
   662 | D:1      | Reached skill level 3 in Axes
   868 | D:1      | You fall through a shaft!
   900 | D:2      | Reached XP level 3. HP: 23/33 MP: 5/5
  1145 | D:2      | Reached skill level 4 in Fighting
  1147 | D:2      | HP: 3/33 [gnoll/flail (8)]
  1600 | D:1      | Reached XP level 4. HP: 20/40 MP: 6/6
  2170 | D:1      | You fall through a shaft!
  2273 | D:2      | Reached skill level 4 in Axes
  2347 | D:2      | Reached ** piety under Lugonu
  3212 | D:2      | Reached XP level 5. HP: 45/46 MP: 7/7
  3501 | D:3      | HP: 4/47 [orc priest/divine providence (11)]
  3506 | D:3      | HP: 2/47 [orc priest/enchanted flail (3)]
  3507 | D:3      | Killed from afar by an orc priest

Skill      XL: |  1  2  3  4 |
---------------+-------------+-----
Dodging        | 1 |  1.9
Invocations    | 3 |  3.5
Axes           | 3 4 |  4.2
Fighting       | 4 |  4.4
Armour         | |  2.8

Action                   |  1- 3 |  4- 6 || total
-------------------------+-------+-------++-------
Melee: Hand axe          |    99 |   154 ||   253
  Use: Scroll            |       |     3 ||     3
  Eat: Chunk             |     2 |     6 ||     8
Armor: Leather armour    |    20 |    31 ||    51
       Chain mail        |       |     9 ||     9
       Ring mail         |       |     7 ||     7
Dodge: Dodged            |    67 |   102 ||   169
